AoeStats
← aroz

Arena

510159769Analyzed
3v3 RM · 4d ago on Sep 29, 2026· 47m 41s· 6 players
Game mode
Random Map
Map size
Normal (6 player)
Population
200
Speed
Normal
Resources
Standard
Victory
Conquest
Starting age
Dark Age
Ending age
Imperial Age
RankedLock teamsTeams togetherTeam positionsShared explorationLock speedFull tech treeHidden civsTurbo modeCheats
Victory
Defeat
🇪🇸 Danes · Spain
1564
+9
🇪🇸 Italians · Spain
1393
+16
1279
+20
🇪🇸 Portuguese · Spain
1425
-16
🇪🇸 Varangians · Spain
1423
-16
🇪🇸 Danes · Spain
1344
-13
javi588
10:24 Feudal Age
9:19 Loom
12:15 Double-Bit Axe
14:34 Castle Age
15:57 Fletching
26:59 Imperial Age
25:28 Gold Mining
25:50 Bow Saw
25:43 Bodkin Arrow
25:54 Horse Collar
30:35 Bracer
36:32 Ballistics
39:02 Squires
39:25 Heavy Plow
43:02 Conscription
44:55 Chemistry
44:56 Padded Archer Armor
45:32 Scale Mail Armor
46:34 Wheelbarrow
45:24 Elite Skirmisher
aroz
7:33 Loom
10:28 Feudal Age
14:49 Castle Age
13:30 Double-Bit Axe
45:46 Horse Collar
froz
10:05 Feudal Age
13:44 Castle Age
11:47 Double-Bit Axe
11:57 Horse Collar
15:02 Bow Saw
15:13 Heavy Plow
20:32 Wheelbarrow
20:26 Stone Mining
21:54 Hand Cart
23:25 Stone Shaft Mining
22:41 Gold Mining
24:07 Town Watch
24:07 Loom
28:30 Imperial Age
26:18 Scale Barding Armor
26:01 Vendel Legacy
27:34 Bloodlines
27:38 Forging
28:01 Husbandry
29:09 Iron Casting
28:38 Cavalier
29:46 Chain Barding Armor
31:06 Plate Barding Armor
32:15 Blast Furnace
32:52 Two-Man Saw
32:24 Crop Rotation
34:21 Light Cavalry
39:15 Pikeman
39:55 Squires
39:40 Arson
39:41 Gambesons
39:17 Elite Varangian Guard
40:22 Scale Mail Armor
40:49 Conscription
40:08 Halberdier
42:29 Chain Mail Armor
Ux'Tycho0201
10:33 Feudal Age
9:42 Loom
14:30 Castle Age
12:24 Double-Bit Axe
13:29 Horse Collar
15:57 Fletching
16:26 Gold Mining
17:58 Bodkin Arrow
23:12 Bow Saw
24:24 Wheelbarrow
25:14 Heavy Plow
25:55 Town Watch
30:00 Imperial Age
28:29 Ballistics
28:22 Masonry
28:42 Ballistics
32:22 Chemistry
42:07 Scale Barding Armor
42:13 Forging
43:49 Bloodlines
45:24 Padded Archer Armor
46:43 Chain Barding Armor
47:23 Treadmill Crane
48:14 Architecture
Ux'DonChauron
10:10 Feudal Age
13:53 Castle Age
11:46 Horse Collar
12:21 Double-Bit Axe
13:19 Gold Mining
13:47 Scale Mail Armor
14:16 Loom
15:30 Squires
25:02 Town Watch
26:20 Wheelbarrow
26:20 Heavy Plow
27:58 Gold Shaft Mining
31:39 Imperial Age
29:32 Forging
30:13 Gold Shaft Mining
29:38 Stone Mining
30:36 Bow Saw
31:02 Chain Mail Armor
33:07 Fletching
33:52 Iron Casting
33:57 Bodkin Arrow
34:57 Conscription
42:03 Plate Mail Armor
42:34 Blast Furnace
41:29 Pikeman
42:39 Hand Cart
42:39 Scale Barding Armor
43:13 Stone Shaft Mining
42:56 Elite Varangian Guard
43:06 Halberdier
43:30 Hamask
45:03 Masonry
45:50 Bracer
Izuru Alexandros RÆ
10:22 Feudal Age
14:36 Castle Age
12:43 Double-Bit Axe
13:06 Horse Collar
16:01 Wheelbarrow
18:53 Gold Mining
28:18 Imperial Age
26:34 Hand Cart
26:37 Bow Saw
26:58 Heavy Plow
27:52 Gold Shaft Mining
28:47 Scale Barding Armor
30:16 Husbandry
30:40 Chain Barding Armor
30:32 Forging
29:47 Cavalier
31:14 Bloodlines
31:56 Plate Barding Armor
31:50 Savar
33:32 Iron Casting
33:13 Heavy Camel Rider
36:05 Blast Furnace
45:46 Conscription
49:07 Two-Man Saw
Connection lost

Rejoining the realm…

Still unreachable

The connection could not be restored.

Session expired

The server has moved on; the page needs a fresh start.